 Dungeon Crawl Stone Soup version 0.21.0 (webtiles) character file.

20397 HungrySpirit the Severer (level 12, -17/174 HPs)
             Began as a Minotaur Berserker on Jan 6, 2018.
             Was a High Priest of Trog.
             Demolished by a very large slime creature (47 damage)
             ... on level 12 of the Dungeon.
             The game lasted 00:17:09 (10307 turns).

HungrySpirit the Severer (Minotaur Berserker)      Turns: 10307, Time: 00:17:10

Health: -17/174    AC:  8    Str: 34    XL:     12   Next: 45%
Magic:  3/3        EV: 12    Int:  4    God:    Trog [*****.]
Gold:   443        SH:  0    Dex: 12    Spells: 11/11 levels left

rFire    + . .     SeeInvis .   Q - +13 battleaxe of Attainder {antimagic, Str+4}
rCold    . . .     Gourm    .   (shield currently unavailable)
rNeg     . . .     Faith    .   r - +0 ring mail {rPois}
rPois    +         Spirit   .   A - +2 hat
rElec    .         Reflect  .   (no cloak)
rCorr    .         Harm     .   (no gloves)
MR       .....                  (no boots)
Stlth    ..........             m - amulet of regeneration
HPRegen  0.79/turn              G - ring of protection from fire
MPRegen  0.08/turn              (no ring)

@: berserking, very quick
A: retaliatory headbutt, horns 2
a: Berserk, Trog's Hand, Brothers in Arms, Burn Spellbooks, Renounce Religion


You were on level 12 of the Dungeon.
You worshipped Trog.
Trog was extremely pleased with you.
You were hungry.

You visited 2 branches of the dungeon, and saw 13 of its levels.

You collected 651 gold pieces.
You spent 208 gold pieces at shops.

Inventory:

Hand Weapons
 Q - the +13 battleaxe of Attainder (weapon) {antimagic, Str+4}
   (Trog gifted it to you on level 12 of the Dungeon)

   It reduces the magical energy of the wielder, and disrupts the spells and
   magical abilities of those hit.
   Natural abilities and divine invocations are not affected.
   It affects your strength (+4).
Armour
 r - a +0 ring mail of poison resistance (worn)
 y - a +0 plate armour
 A - a +2 hat (worn)
Jewellery
 m - an amulet of regeneration (around neck)
 G - a ring of protection from fire (left hand)
Wands
 t - a wand of iceblast (7)
 v - a wand of flame (90)
 C - a wand of acid (9)
 D - a wand of clouds (7)
 H - a wand of scattershot (3)
 J - a wand of polymorph (16)
 K - a wand of enslavement (13)
Scrolls
 a - 11 scrolls of remove curse {unknown}
 d - 3 scrolls of random uselessness {unknown}
 e - 11 scrolls of identify
 f - 2 scrolls of fog {unknown}
 h - 4 scrolls of blinking {unknown}
 n - 7 scrolls of teleportation {unknown}
 o - 3 scrolls of amnesia {unknown}
 q - 6 scrolls of enchant weapon {unknown}
 x - 3 scrolls of vulnerability {unknown}
 z - 2 scrolls of enchant armour {unknown}
 B - a scroll of noise {unknown}
 O - a scroll of magic mapping {unknown}
 P - 3 scrolls of immolation {unknown}
Potions
 b - 9 potions of curing {unknown}
 g - a potion of might {unknown}
 i - a potion of experience {unknown}
 j - a potion of degeneration {unknown}
 k - 2 potions of brilliance {unknown}
 l - a potion of resistance {unknown}
 u - a potion of invisibility {unknown}
 w - a potion of mutation {unknown}
 E - a potion of lignification {unknown}
 I - a potion of agility {unknown}
 L - a potion of heal wounds {unknown}
Miscellaneous
 M - a phantom mirror
Comestibles
 c - 19 rations
 N - 8 chunks of flesh


   Skills:
 + Level 13.8 Fighting
 * Level 18.2 Axes
 + Level 7.6 Armour
 - Level 2.1 Dodging


You had 11 spell levels left.
You didn't know any spells.

Dungeon Overview and Level Annotations

Branches:
Dungeon (12/15)            Temple (0/1) D:6            Lair (1/6) D:10
    Orc (0/2) D:11

Altars:
Cheibriados
Fedhas
Gozag
Hepliaklqana
Makhleb
Nemelex Xobeh
Sif Muna
Trog
Yredelemnul

Shops:
D:5 (

Annotations:
Lair:1 exclusion: 2 oklob plants


Innate Abilities, Weirdness & Mutations

You reflexively headbutt those who attack you in melee.
You have a pair of horns on your head.


Message History

You hit the very large slime creature.
The very large slime creature is severely wounded.
You slice the large slime creature!!
The very large slime creature hits you!!!
* * * LOW HITPOINT WARNING * * *
Unknown command.
Unknown command.
You chop the large slime creature into pieces!!!
You kill the large slime creature!
Trog accepts your kill.
Unknown command.
You carve the very large slime creature like a ham!!!
Your headbutt misses the very large slime creature.
The very large slime creature is almost dead.
Unknown command.
You hit the very large slime creature.
You headbutt the very large slime creature!
The very large slime creature is almost dead.
The very large slime creature hits you!!!
You die...

#.#
...ยง..#
#.#
..โ‰ˆโ‰ˆ..#
#.#
...โ‰ˆ..#
#.# ......#
#.#
###.....
#.#
.....#.#
#.#
#......#
#.# #J# #.#
#@# #.# #.#
#.#####(#
#.......#
#########


You could see a very large slime creature.

Vanquished Creatures
  Gastronok (D:8)
  5 two-headed ogres
  Nergalle (D:10)
  Pikel (D:4)
  2 ugly things
  3 cyclopes
  A gargoyle (D:12)
  3 spiny frogs (Lair:1)
  2 komodo dragons (Lair:1)
  A troll (D:8)
  Prince Ribbit (D:8)
  2 hippogriffs
  2 slime creatures (D:12)
  A spriggan (D:7)
  A wraith (D:12)
  A vampire (D:11)
  A wyvern (D:10)
  4 hungry ghosts
  2 basilisks
  A yak (Lair:1)
  A warg (D:11)
  An acid dragon (D:12)
  2 water moccasins (Lair:1)
  Duvessa (D:4)
  4 ice beasts
  3 slaves (D:4)
  2 sky beasts
  2 black bears (D:10)
  7 orc warriors
  2 phantoms
  A necrophage (D:7)
  6 ogres
  The ghost of tidbits the Changer, an amateur BaTm (D:3)
  3 centaurs
  A crocodile (D:11)
  10 bullfrogs
  A wyvern skeleton (D:5)
  Dowan (D:4)
  3 scorpions
  28 killer bees
  3 electric eels (D:9)
  5 wights (D:9)
  6 howler monkeys
  A bullfrog zombie (D:10)
  3 jellies
  4 crimson imps
  4 centaur zombies
  A quasit (D:8)
  5 hounds
  7 orc priests
  3 bullfrog skeletons
  9 orc wizards
  2 centaur skeletons
  3 iguanas
  7 worker ants
  2 hound skeletons
  Robin (D:4)
  3 gnolls (D:4)
  17 adders
  3 shadow imps
  An ooze (D:1)
  3 adder skeletons
  2 worms (D:4)
  5 dart slugs
  7 leopard geckos
  42 orcs
  5 bats
  3 giant cockroaches
  11 goblins
  5 hobgoblins
  2 jackals (D:2)
  3 quokkas
  A ball python (D:1)
  A ball python skeleton (D:4)
  6 frilled lizards
  5 kobolds
  A leopard gecko skeleton (D:5)
  A rat (D:2)
309 creatures vanquished.

Vanquished Creatures (others)
  A slave (D:4)
  3 goblins (D:4)
  A hobgoblin (D:4)
  A ball python skeleton (D:4)
  A fungus (Lair:1)
  2 plants (Lair:1)
9 creatures vanquished.

Grand Total: 318 creatures vanquished

Notes
Turn   | Place    | Note
-------+----------+-------------------------------------------
     0 | D:1      | HungrySpirit the Minotaur Berserker began the quest for the Orb.
     0 | D:1      | Reached XP level 1. HP: 19/19 MP: 0/0
   111 | D:1      | Reached skill level 4 in Axes
   143 | D:1      | Reached XP level 2. HP: 27/27 MP: 1/1
   587 | D:2      | Reached XP level 3. HP: 27/33 MP: 2/2
   780 | D:2      | Found a sparkling altar of Nemelex Xobeh.
   780 | D:2      | Found a burning altar of Makhleb.
   784 | D:2      | Reached skill level 5 in Axes
   854 | D:2      | Reached ** piety under Trog
  1275 | D:3      | Noticed an ogre
  1281 | D:3      | Killed an ogre
  1281 | D:3      | Reached skill level 6 in Axes
  1281 | D:3      | Reached XP level 4. HP: 41/41 MP: 3/3
  1281 | D:3      | Reached XP level 5. HP: 47/47 MP: 4/4
  1718 | D:3      | Reached skill level 5 in Fighting
  2046 | D:3      | Noticed tidbits's ghost (amateur BaTm)
  2054 | D:3      | Killed tidbits's ghost
  2127 | D:4      | Noticed a slave
  2127 | D:4      | Noticed a slave
  2128 | D:4      | Noticed a slave
  2129 | D:4      | Noticed Pikel
  2140 | D:4      | Killed a slave
  2142 | D:4      | Killed a slave
  2145 | D:4      | Killed a slave
  2152 | D:4      | HP: 3/72 [Pikel/whip of electrocution (16)]
  2153 | D:4      | Killed Pikel
  2153 | D:4      | Reached skill level 8 in Axes
  2153 | D:4      | Reached XP level 6. HP: 3/58 MP: 5/5
  2153 | D:4      | Reached XP level 7. HP: 4/64 MP: 6/6
  2358 | D:4      | Noticed Duvessa
  2358 | D:4      | Noticed Dowan
  2365 | D:4      | Killed Dowan
  2365 | D:4      | Reached skill level 9 in Axes
  2368 | D:4      | Killed Duvessa
  2433 | D:4      | Noticed Robin
  2441 | D:4      | Killed Robin
  2672 | D:4      | Reached XP level 8. HP: 68/73 MP: 7/7
  2705 | D:4      | Reached *** piety under Trog
  2793 | D:4      | Reached skill level 10 in Axes
  3182 | D:5      | Entered Level 5 of the Dungeon
  3822 | D:5      | Reached skill level 11 in Axes
  3868 | D:5      | Found Efisogol's Antique Weapon Shoppe.
  3876 | D:5      | Reached **** piety under Trog
  3894 | D:5      | Bought a runed war axe for 208 gold pieces
  4010 | D:6      | Found an opulent altar of Gozag.
  4152 | D:6      | Found a snail-covered altar of Cheibriados.
  4220 | D:6      | Found a bloodstained altar of Trog.
  4729 | D:6      | Found a staircase to the Ecumenical Temple.
  4929 | D:7      | Found a blossoming altar of Fedhas.
  4982 | D:7      | Reached XP level 9. HP: 82/82 MP: 8/8
  5039 | D:7      | Reached skill level 12 in Axes
  5768 | D:7      | Reached skill level 13 in Axes
  6078 | D:8      | Noticed Gastronok
  6101 | D:8      | Killed Gastronok
  6101 | D:8      | Reached skill level 10 in Fighting
  6101 | D:8      | Reached skill level 14 in Axes
  6101 | D:8      | Reached XP level 10. HP: 94/94 MP: 9/9
  6214 | D:8      | Noticed a cyclops
  6222 | D:8      | Noticed a brown ugly thing
  6230 | D:8      | Killed a brown ugly thing
  6231 | D:8      | Killed a cyclops
  6231 | D:8      | Reached skill level 15 in Axes
  6315 | D:8      | Reached ***** piety under Trog
  6420 | D:8      | Noticed Prince Ribbit
  6432 | D:8      | Killed Prince Ribbit
  6436 | D:8      | Found a deep blue altar of Sif Muna.
  6507 | D:8      | Noticed a two-headed ogre
  6511 | D:8      | Killed a two-headed ogre
  6685 | D:9      | Found a basalt altar of Yredelemnul.
  6686 | D:9      | Found a hazy altar of Hepliaklqana.
  6708 | D:9      | Found a transporter.
  6710 | D:9      | Found a transporter.
  7526 | D:10     | Entered Level 10 of the Dungeon
  7526 | D:10     | Noticed Nergalle
  7530 | D:10     | Reached XP level 11. HP: 104/104 MP: 10/10
  7539 | D:10     | Killed Nergalle
  7539 | D:10     | Received a gift from Trog
  7539 | D:10     | Reached skill level 16 in Axes
  7547 | D:10     | Got a shimmering battleaxe {god gift}
  7575 | D:10     | Identified the +3 battleaxe of Tenacity {drain, Str+3 Int-4 Dex+3} (Trog gifted it to you on level 10 of the Dungeon)
  7748 | D:10     | Noticed a two-headed ogre
  7753 | D:10     | Killed a two-headed ogre
  7948 | D:10     | Found a staircase to the Lair.
  8251 | Lair:1   | Entered Level 1 of the Lair of Beasts
  8504 | Lair:1   | Noticed an oklob plant
  8504 | Lair:1   | Noticed an oklob plant
  8555 | Lair:1   | Reached skill level 5 in Armour
  8555 | Lair:1   | Reached skill level 17 in Axes
  8835 | Lair:1   | Got a brightly glowing hand axe
  8836 | Lair:1   | Identified the +5 hand axe "Eqoesch" {protect, rN+ Dex+2} (You found it on level 1 of the Lair of Beasts)
  8950 | Lair:1   | Noticed a five-headed hydra
  8999 | D:11     | Noticed a green ugly thing
  9004 | D:11     | Killed a green ugly thing
  9043 | D:11     | Noticed a two-headed ogre
  9051 | D:11     | Killed a two-headed ogre
  9227 | D:11     | Noticed a two-headed ogre
  9232 | D:11     | Killed a two-headed ogre
  9365 | D:11     | Reached XP level 12. HP: 115/115 MP: 11/11
  9770 | D:11     | Found a staircase to the Orcish Mines.
  9797 | D:11     | Received a gift from Trog
  9924 | D:12     | Noticed a two-headed ogre
  9935 | D:12     | Killed a two-headed ogre
  9935 | D:12     | Reached skill level 18 in Axes
 10020 | D:12     | Received a gift from Trog
 10023 | D:12     | Got an iridescent battleaxe {god gift}
 10024 | D:12     | Identified the +13 battleaxe of Attainder {antimagic, Str+4} (Trog gifted it to you on level 12 of the Dungeon)
 10307 | D:12     | Demolished by a very large slime creature

Skill      XL: |  1  2  3  4  5  6  7  8  9 10 11 12 |
---------------+-------------------------------------+-----
Axes           | 4 6 8 9 11 14 15 17 18 | 18.2
Fighting       | 4 6 7 8 10 12 13 | 13.8
Armour         | 6 7 |  7.6
Dodging        | |  2.1

Action                   |  1- 3 |  4- 6 |  7- 9 | 10-12 || total
-------------------------+-------+-------+-------+-------++-------
Melee: Hand axe          |    71 |    42 |   168 |       ||   281
       Headbutt          |     7 |     5 |    57 |    99 ||   168
       War axe           |       |       |   112 |   399 ||   511
       Battleaxe         |       |       |       |    24 ||    24
Invok: Berserk           |     1 |     2 |     6 |    11 ||    20
       Burn Spellbooks   |       |       |       |     5 ||     5
       Trog's Hand       |       |       |       |     1 ||     1
Evoke: Wand              |       |       |       |     5 ||     5
  Use: Scroll            |       |       |       |     3 ||     3
 Stab: Sleeping          |     1 |       |       |       ||     1
  Eat: Chunk             |     1 |     2 |    15 |    22 ||    40
       Ration            |       |     1 |     3 |     2 ||     6
Armor: Animal skin       |    18 |       |       |       ||    18
       Leather armour    |     4 |     6 |    28 |       ||    38
       Ring mail         |       |       |    24 |   103 ||   127
Dodge: Dodged            |    55 |    20 |   139 |   223 ||   437
